Map: Frozen Temple

Players

puCK (Nina) - Winner!

  • Race: Protoss Protoss
  • League: Grandmaster

Cham

  • Race: Zerg Zerg

VOD

Have the link to the VOD?

Description

Time

  • Played on: May 21, 2016, 11:32 p.m.
  • Length: 8:40
Show
View Real Time Build Order
Export as new Build Order

puCK Protoss - Winner!

Build Orders: 1 Gate Expand 

Get SALT Encoding   

  12  0:01  Probe (Chrono Boost)  
  13  0:12  Probe (Chrono Boost)  
  14  0:18  Pylon  
  14  0:22  Probe (Chrono Boost)  
  15  0:36  Probe (Chrono Boost)  
  15  0:38  Gateway  
  16  0:47  Probe (Chrono Boost)  
  17  0:53  Assimilator  
  17  0:58  Probe (Chrono Boost)  
  18  1:08  Probe (Chrono Boost)  
  19  1:19  Probe (Chrono Boost)  
  20  1:26  Nexus  
  20  1:34  Cybernetics Core  
  20  1:37  Probe (Chrono Boost)  
  21  1:44  Assimilator  
  21  1:47  Probe (Chrono Boost)  
  21  1:52  Pylon  
  22  1:58  Probe (Chrono Boost)  
  23  2:10  Probe (Chrono Boost)  
  23  2:11  Adept, Warp Gate (Chrono Boost)  
  26  2:22  Probe  
  27  2:36  Probe, Mothership Core  
  29  2:41  Adept  
  32  2:47  Probe  
  32  2:49  Gateway  
  33  2:51  Gateway  
  33  2:57  Probe x2  
  35  3:08  Probe  
  35  3:09  Probe  
  37  3:21  Probe  
  37  3:22  Probe  
  37  3:25  Adept  
  39  3:33  Probe x2  
  40  3:37  Pylon  
  41  3:43  Nexus  
  41  3:45  Probe  
  41  3:46  Pylon  
  42  3:49  Probe  
  42  3:52  Pylon  
  43  3:58  Probe  
  43  4:00  Probe  
  45  4:04  Robotics Facility  
  45  4:06  Sentry x2  
  45  4:07  Adept  
  51  4:10  Probe  
  51  4:13  Probe  
  53  4:17  Assimilator  
  53  4:19  Assimilator  
  53  4:22  Probe  
  53  4:23  Probe  
  54  4:25  Pylon  
  54  4:27  Adept  
  54  4:29  Adept  
  59  4:33  Adept  
  59  4:34  Probe  
  62  4:42  Probe  
  62  4:44  Gateway  
  63  4:46  Gateway  
  63  4:47  Probe  
  63  4:48  Sentry  
  63  4:51  Observer (Chrono Boost)  
  67  4:54  Probe  
  67  4:57  Probe, Sentry x2  
  73  5:01  Probe  
  70  5:16  Probe x3  
  70  5:21  Immortal (Chrono Boost)  
  77  5:22  Pylon  
  77  5:25  Pylon  
  78  5:28  Probe  
  78  5:30  Twilight Council  
  78  5:32  Stalker x2  
  82  5:39  Probe  
  83  5:43  Gateway  
  83  5:45  Probe  
  83  5:46  Probe  
  83  5:47  Phoenix  
  85  5:51  Probe  
  85  5:56  Probe  
  85  5:57  Immortal (Chrono Boost)  
  90  6:02  Pylon  
  90  6:03  Probe  
  92  6:04  Pylon  
  92  6:06  Stalker x3  
  92  6:08  Probe  
  92  6:09  Probe  
  100  6:17  Pylon  
  100  6:20  Stalker, Pylon  
  100  6:21  Stalker  
  100  6:24  Probe, Pylon  
  107  6:30  Dark Shrine  
  105  6:33  Blink (Chrono Boost)  
  91  6:47  Stalker x5  
  101  6:54  Gateway  
  101  6:57  Gateway  
  93  7:11  Stalker x4  
  93  7:12  Stalker  
  93  7:14  Immortal  
  103  7:19  Pylon  
  107  7:23  Gateway  
  107  7:25  Gateway  
  107  7:31  Adept  
  107  7:35  Adept x4  
  117  7:46  Probe x2, Dark Templar  
  117  7:48  Assimilator  
  117  7:49  Assimilator  
  121  7:53  Dark Templar  
  121  7:55  Probe  
  121  7:57  Pylon  
  124  7:59  Adept x3  
  128  8:17  Dark Templar  
  111  8:24  Probe  
Show
View Real Time Build Order
Export as new Build Order

Cham Zerg 

Build Orders: Hatch First 

Get SALT Encoding   

  12  0:01  Drone  
  13  0:09  Drone  
  14  0:20  Overlord  
  14  0:39  Drone x3  
  17  0:51  Hatchery  
  17  0:54  Drone  
  17  1:02  Drone  
  18  1:04  Extractor  
  17  1:11  Drone  
  17  1:17  Spawning Pool  
  17  1:23  Drone  
  18  1:34  Drone  
  19  1:45  Drone  
  20  1:50  Hatchery  
  19  1:58  Drone  
  20  2:05  Metabolic Boost  
  20  2:11  Queen  
  20  2:14  Drone  
  23  2:18  Drone  
  23  2:22  Overlord  
  24  2:29  Queen  
  24  2:37  Drone x2  
  28  2:39  Overlord  
  28  2:46  Zergling x4  
  30  2:53  Zergling x2  
  30  2:54  Queen  
  33  3:00  Overlord  
  33  3:01  Drone  
  33  3:04  Drone  
  35  3:08  Drone x2  
  37  3:16  Drone  
  37  3:20  Spore Crawler  
  37  3:21  Drone x3  
  37  3:23  Drone  
  37  3:26  Overlord  
  40  3:28  Drone  
  40  3:32  Drone x2  
  43  3:35  Overlord  
  43  3:42  Drone x2  
  43  3:43  Drone x2  
  47  3:50  Drone x3  
  50  3:56  Roach Warren  
  50  3:58  Overlord  
  50  4:00  Drone x2  
  51  4:10  Extractor  
  51  4:13  Extractor, Drone x5  
  51  4:14  Drone x4  
  51  4:17  Zergling x2  
  59  4:20  Overlord  
  59  4:22  Zergling x2  
  60  4:25  Zergling x2  
  61  4:35  Overlord  
  61  4:37  Drone x2  
  63  4:45  Roach x4  
  71  4:46  Hatchery  
  71  4:49  Roach x2  
  71  4:52  Extractor, Drone  
  74  4:53  Drone x2  
  74  4:55  Drone  
  74  4:58  Roach  
  79  5:01  Zergling x4, Roach  
  77  5:09  Drone x3  
  76  5:15  Drone x3  
  76  5:16  Roach  
  76  5:17  Roach  
  76  5:20  Zergling x2  
  76  5:21  Zergling x4  
  84  5:23  Ravager x2  
  84  5:25  Ravager  
  84  5:26  Zergling x2  
  88  5:28  Zergling x2  
  88  5:33  Overlord x2  
  89  5:37  Overlord  
  89  5:40  Overlord  
  89  5:49  Overlord  
  89  5:54  Zergling x8, Roach x2  
  89  5:55  Ravager x2  
  99  5:57  Zergling x6  
  99  5:58  Zergling x8  
  99  5:59  Ravager  
  99  6:03  Roach x2  
  111  6:06  Zergling x2  
  111  6:08  Ravager  
  111  6:09  Zergling x4  
  115  6:11  Zergling x2  
  115  6:16  Ravager  
  115  6:17  Roach  
  119  6:20  Queen  
  119  6:22  Zergling x8, Roach  
  119  6:23  Ravager  
  119  6:25  Zergling x4  
  130  6:28  Zergling x4  
  126  6:44  Zergling x2, Roach x3  
  111  6:47  Zergling x6, Roach x3  
  111  6:50  Zergling x4, Roach  
  111  6:53  Ravager  
  116  6:54  Zergling x6  
  116  6:55  Zergling x2  
  120  7:02  Zergling x2  
  120  7:03  Zergling x2  
  119  7:10  Zergling x6, Roach x2  
  119  7:11  Zergling x2  
  119  7:14  Zergling x2  
  128  7:17  Ravager  
  128  7:18  Zergling x4, Ravager  
  128  7:19  Zergling x2  
  133  7:23  Ravager  
  133  7:28  Roach  
  135  7:34  Overlord  
  135  7:35  Overlord  
  129  7:45  Overlord x3  
  129  7:48  Overlord x2  
  129  7:50  Overlord x2  
  128  7:55  Ravager x5  
  128  7:56  Zergling x4, Roach  
  128  7:57  Zergling x8  
  128  7:58  Zergling x2  
  139  8:10  Roach  
  139  8:12  Roach x3  
  146  8:13  Zergling x2  
  146  8:18  Roach  
  146  8:19  Roach x2  
  140  8:21  Zergling x6, Roach x2  
Tags
 
Add a new tag
Caveats
  • Supply blocks, unpowered buildings, or Contaminate may cause inaccurate times.
  • Supply counts are checked every 10 seconds.